 Dungeon Crawl Stone Soup version 0.31-a0-431-g88bdf31460 (webtiles) character file.

Game seed: 15412577446349970618

154 garrulousMonolith the Trooper (level 5, 0/40 (41) HPs)
             Began as a Demonspawn Fighter on July 31, 2023.
             Succumbed to Crazy Yiuf's poison
             ... on level 2 of the Dungeon.
             The game lasted 00:02:37 (1334 turns).

garrulousMonolith the Trooper (Demonspawn Fighter)  Turns: 1334, Time: 00:02:38

HP:   0/40 (41)     AC:  8    Str: 18    XL:     5   Next: 13%
MP:   0/6           EV:  9    Int:  9    God:
Gold: 88            SH:  4    Dex: 13    Spells: 4/4 levels left

rFire   . . .        a - +0 trident
rCold   . . .        c - +0 buckler
rNeg    . . .        b - +0 scale mail
rPois   .            (helmet restricted)
rElec   .            (no cloak)
rCorr   .            (no gloves)
SInv    .            (no boots)
Will    .....        (no amulet) Stlth
                     (no ring)
HPRegen 0.26/turn    (no ring)
MPRegen 0.10/turn

%: no passive effects
@: mighty, lethally poisoned (0 -> -7), lightly drained
A: horns 1, molten scales 1, powered by death 1
a: no special abilities


You were on level 2 of the Dungeon.
You visited 1 branch of the dungeon, and saw 2 of its levels.

You collected 88 gold pieces.

Inventory:

Hand Weapons
 a - a +0 trident (weapon)
Armour
 b - a +0 scale mail (worn)
 c - a +0 buckler (worn)
Scrolls
 g - a scroll of summoning {unknown}
 h - a scroll of poison {unknown}
 i - 3 scrolls of blinking {unknown}
 j - 2 scrolls of teleportation {unknown}
 k - a scroll of amnesia {unknown}
 m - a scroll of brand weapon {unknown}
 n - a scroll of identify {unknown}
 o - a scroll of vulnerability {unknown}
Potions
 e - a potion of degeneration {unknown}
 f - 4 potions of curing {unknown}
 l - 2 potions of haste {unknown}


   Skills:
 + Level 3.6 Fighting
 * Level 3.2 Polearms
 + Level 3.2 Armour
 + Level 3.2 Shields
 + Level 2.1 Invocations


You had 4 spell levels left.
You didn't know any spells.
Your spell library contained the following spells:

 Spells                   Type           Power      Damage    Failure   Level
 Magic Dart               Conj           0%         1d3       85%         1
 Searing Ray              Conj           0%         2d4       94%         2
 Ozocubu's Armour         Ice            0%         N/A       99%         3
 Fulminant Prism          Conj/Hex       0%         3d5       100%        4
 Ozocubu's Refrigeration  Ice            0%         4d7       100%        7


Dungeon Overview and Level Annotations

Branches:
Dungeon (2/15)

Altars:

Shops:
D:1 *

Annotations:
D:2 Crazy Yiuf


Innate Abilities, Weirdness & Mutations

You have a pair of small horns on your head.
You are partially covered in molten scales. (AC +2)
You regenerate a little health from kills.


Message History

Crazy Yiuf hits you with a +4 quarterstaff of chaos.
Crazy Yiuf freezes you.
You closely miss Crazy Yiuf.
Crazy Yiuf is moderately wounded.
You block Crazy Yiuf's attack.
You hit Crazy Yiuf. Your headbutt misses Crazy Yiuf.
Crazy Yiuf is moderately wounded.
Crazy Yiuf closely misses you.
You hit Crazy Yiuf. You headbutt Crazy Yiuf.
Crazy Yiuf is severely wounded.
Crazy Yiuf hits you with a +4 quarterstaff of chaos.
You feel your power leaking away.
You barely miss Crazy Yiuf. Your headbutt misses Crazy Yiuf.
Crazy Yiuf is severely wounded.
Crazy Yiuf completely misses you.
Crazy Yiuf hits you with a +4 quarterstaff of chaos.
Crazy Yiuf burns you.
You closely miss Crazy Yiuf.
Crazy Yiuf is severely wounded.
Crazy Yiuf hits you with a +4 quarterstaff of chaos!
Crazy Yiuf draws strength from your wounds!
You barely miss Crazy Yiuf. Your headbutt misses Crazy Yiuf.
Crazy Yiuf is heavily wounded.
Crazy Yiuf cries, "Seed song pizzabubble!"
Crazy Yiuf hits you with a +4 quarterstaff of chaos!
* * * LOW HITPOINT WARNING * * *
You feel your power leaking away.
You hit Crazy Yiuf.
Crazy Yiuf is severely wounded.
Crazy Yiuf hits you but does no damage.
You are lethally poisoned!
You barely miss Crazy Yiuf.
Crazy Yiuf is severely wounded.
* * * LOW HITPOINT WARNING * * *
You feel very sick.
Crazy Yiuf hits you with a +4 quarterstaff of chaos.
* * * LOW HITPOINT WARNING * * *
You feel drained.
You feel very mighty all of a sudden.
You die...

..#..........#...........#
..#..........#...........#
..############...........#
..# ###########.# #.# ###
#.# ########
..######.+..#.### ###
.............#..##...#
..####......####@g...# ###
##..+.## ###..)# ######
###


You could see Crazy Yiuf.

Vanquished Creatures
  Natasha (thrice) (D:2)
  2 adders (D:2)
  A worm (D:2)
  2 dart slugs (D:1)
  3 ball pythons
  9 endoplasms
  A giant cockroach (D:2)
  5 goblins
  5 hobgoblins
  7 jackals
  A kobold (D:1)
  2 quokkas
  4 bats
  2 frilled lizards (D:1)
  3 rats
50 creatures vanquished.

Notes
Turn   | Place    | Note
-------+----------+-------------------------------------------
     0 | D:1      | garrulousMonolith the Demonspawn Fighter began the quest
                  | for the Orb.
     0 | D:1      | Reached XP level 1. HP: 18/18 MP: 1/1
    88 | D:1      | Gained mutation: You have a pair of small horns on your
                  | head. [demonic ancestry]
    88 | D:1      | Reached XP level 2. HP: 24/24 MP: 2/2
   117 | D:1      | Found Amue's Assorted Antiques.
   158 | D:1      | Found a faded altar of an unknown god.
   342 | D:1      | Reached skill level 1 in Invocations
   357 | D:1      | Gained mutation: You regenerate a little health from kills.
                  | [demonic ancestry]
   357 | D:1      | Reached XP level 3. HP: 20/29 MP: 3/3
   989 | D:2      | Gained mutation: You are partially covered in molten
                  | scales. (AC +2) [demonic ancestry]
   989 | D:2      | Reached XP level 4. HP: 35/35 MP: 5/5
  1019 | D:2      | Found a runed translucent door.
  1020 | D:2      | Noticed Crazy Yiuf
  1041 | D:2      | Noticed Natasha
  1050 | D:2      | Killed Natasha
  1111 | D:2      | Noticed Natasha
  1120 | D:2      | Killed Natasha
  1226 | D:2      | Noticed Natasha
  1234 | D:2      | Killed Natasha
  1235 | D:2      | Reached XP level 5. HP: 30/41 MP: 6/6
  1333 | D:2      | HP: 2/41 [Crazy Yiuf/+4 quarterstaff of chaos (1)]
  1334 | D:2      | Succumbed to Crazy Yiuf's poison

Illustrated notes

Levels and vault maps discovered:
D:1:      co_arrival_square_in_a_square_in_a_square, layout_rooms, serial_shops,
          shop, shapermc_ecumenical_altar_venn, minmay_split_cup_large
D:2:      layout_basic, grunt_ministairs_10, minmay_door_square,
          uniq_crazy_yiuf_cottage, uniq_natasha

Skill      XL: |  1  2  3  4 |
---------------+-------------+-----
Polearms       | 2 3 |  3.2
Invocations    | 1 2 |  2.1
Shields        | 3 |  3.2
Armour         | 3 |  3.2
Fighting       | |  3.6

Action                     |  1- 3 |  4- 6 || total
---------------------------+-------+-------++-------
  Melee: Trident           |   120 |    33 ||   153
         Headbutt          |     9 |     4 ||    13
    Use: Potion            |       |     1 ||     1
 Armour: Scale mail        |    42 |     7 ||    49
  Dodge: Dodged            |    48 |    10 ||    58
  Block: Buckler           |    21 |     5 ||    26

Table legend: (Time is in decaauts)
 A = Elapsed time spent in this place.
 B = Non-inter-level travel time spent in this place.
 C = Inter-level travel time spent in this place.
 D = Time resting spent in this place.
 E = Time spent auto-exploring this place.
 F = Levels seen in this place.
 G = Mean time per level.
                   A        B        C        D        E       F      G
               +--------+--------+--------+--------+--------+-----+--------+
         Total |   1381 |   1369 |     12 |     11 |   1031 |   2 |  690.5 |
       Dungeon |   1381 |   1369 |     12 |     11 |   1031 |   2 |  690.5 |
               +--------+--------+--------+--------+--------+-----+--------+

Top non-repeatable levels by time:
     D:2: 745 daAuts
     D:1: 635 daAuts
